 Dungeon Crawl Stone Soup version 0.21.1-1-g345015f (webtiles) character file.

1404 tidbits the Insei (level 8, 54/54 HPs)
             Began as a Gnoll Transmuter on Mar 20, 2018.
             Quit the game in the Ecumenical Temple.
             The game lasted 00:16:15 (1737 turns).

tidbits the Insei (Gnoll Transmuter)                Turns: 1737, Time: 00:16:16

Health: 54/54      AC:  2    Str: 10    XL:     8   Next: 70%
Magic:  17/17      EV: 16    Int: 18    God:
Gold:   228        SH: 10    Dex: 20    Spells: 9/19 levels left

rFire    . . .     SeeInvis .   j - +7 dagger "Gnoll's Death" {drain, Dex+4}
rCold    . . .     Gourm    .   D - +0 buckler
rNeg     . . .     Faith    .   B - +0 robe
rPois    .         Spirit   .   (no helmet)
rElec    .         Reflect  .   (no cloak)
rCorr    .         Harm     .   (no gloves)
MR       .....                  (no boots)
Stlth    +++.......             R - amulet of regeneration
HPRegen  0.58/turn              (no ring)
MPRegen  0.15/turn              (no ring)

@: no status effects
A: distributed training, fangs 1, large bone plates 1, frail 1, weak 1, subdued
magic 1, strong nose
a: no special abilities


You were in the Ecumenical Temple.
You were not hungry.

You visited 2 branches of the dungeon, and saw 9 of its levels.
You also visited: Sewer.

You collected 228 gold pieces.

Inventory:

Hand Weapons
 g - a +0 hunting sling
 j - the +7 dagger "Gnoll's Death" (weapon) {drain, Dex+4}
   (You found it on level 4 of the Dungeon)

   A truly terrible weapon, it drains the life of those it strikes.
   It affects your dexterity (+4).
 l - a +0 dagger
 t - a +0 dagger of pain
   (You took it off an orc wizard on level 6 of the Dungeon)
 u - a +0 scimitar
Missiles
 f - 87 stones
 h - 15 sling bullets
 s - 58 arrows
 v - 4 exploding tomahawks
 w - 5 tomahawks (quivered)
Armour
 b - a +0 ring mail
 x - a +0 pair of gloves
 B - a +0 robe (worn)
 D - a +0 buckler (worn)
Magical Staves
 n - an uncursed staff of summoning {unknown}
   (You found it on level 4 of the Dungeon)
Jewellery
 R - an amulet of regeneration (around neck)
   (You found it on level 6 of the Dungeon)
Wands
 z - a wand of flame (24)
Scrolls
 e - 3 scrolls of blinking
 i - 2 scrolls of immolation
 k - 2 scrolls of enchant weapon
 r - 2 scrolls of remove curse
 y - a scroll of noise {unknown}
Potions
 a - a potion of lignification {unknown}
 m - 5 potions of degeneration {unknown}
 o - a potion of agility {unknown}
 p - a potion of flight {unknown}
 q - 2 potions of curing {unknown}
 A - a potion of resistance
Books
 d - a book of Changes

   Spells                             Type                      Level
   a - Beastly Appendage              Transmutation                1
   b - Sticks to Snakes               Transmutation                2
   c - Spider Form                    Transmutation/Poison         3
   d - Ice Form                       Ice/Transmutation            4
   e - Blade Hands                    Transmutation                5
Comestibles
 c - 9 rations


   Skills:
 + Level 4.3 Fighting
 + Level 3.4 Short Blades
 + Level 3.4 Long Blades
 + Level 3.4 Axes
 + Level 3.4 Maces & Flails
 + Level 3.4 Polearms
 + Level 3.4 Staves
 + Level 3.4 Slings
 + Level 3.4 Bows
 + Level 3.4 Crossbows
 + Level 3.4 Throwing
 + Level 3.4 Armour
 + Level 5.8 Dodging
 + Level 3.4 Stealth
 + Level 3.4 Shields
 + Level 7.4 Unarmed Combat
 + Level 6.1 Spellcasting
 + Level 2.8 Conjurations
 + Level 2.8 Hexes
 + Level 2.8 Charms
 + Level 2.8 Summonings
 + Level 2.8 Necromancy
 + Level 2.8 Translocations
 + Level 4.8 Transmutations
 + Level 2.8 Fire Magic
 + Level 2.8 Ice Magic
 + Level 2.8 Air Magic
 + Level 2.8 Earth Magic
 + Level 2.8 Poison Magic
 + Level 3.8 Invocations
 + Level 3.4 Evocations


You had 9 spell levels left.
You knew the following spells:

 Your Spells              Type           Power        Failure   Level  Hunger
e - Beastly Appendage     Tmut           ###...       1%          1    None
i - Ice Form              Ice/Tmut       ##......     22%         4    ####...
k - Sticks to Snakes      Tmut           ###.....     1%          2    None
p - Spider Form           Tmut/Pois      ##........   6%          3    ##.....


Dungeon Overview and Level Annotations

Branches:
Dungeon (8/15)             Temple (1/1) D:5
   Lair: D:8-11

Altars:
Dithmenos
Elyvilon
Fedhas
Gozag
Kikubaaqudgha
Makhleb
Nemelex Xobeh
Okawaru
Qazlal
Vehumet
Zin


Innate Abilities, Weirdness & Mutations

Your experience applies equally to all skills.
You have very sharp teeth.
Your uncanny sense of smell can sniff out nearby items.
You are partially covered in large bone plates. (SH +4)
You are frail. (-10% HP)
You are weak. (Str -2)
Your spells are a little easier to cast, but a little less powerful.


Message History

You punch something! You freeze something.
You feel a bit more experienced. The dart slug launches a dart at you.
The slug dart misses you. The orc closely misses you.
You punch the scorpion! You freeze the scorpion.
You kill the scorpion!
The orc closely misses you.
You punch the dart slug! You freeze the dart slug.
You kill the dart slug!
You punch the orc! You freeze the orc.
You kill the orc!
Things that are here:
an enchanted flail; a leather armour
Items here: ))) [ ††† Butcher an orc corpse? [(y)es/(c)hoosy/(n)o/(a)ll/(e)dible/(q)uit/?]
Butcher an orc corpse? [(y)es/(c)hoosy/(n)o/(a)ll/(e)dible/(q)uit/?]
Okay, then.
You butcher the orc corpse.
Items here: % ))) [ †† Unknown command.
Eat one of 3 chunks of flesh? (ye/n/q)
You eat one of the 3 chunks of flesh.
This raw flesh tastes terrible.
Okay, then.
Things that are here:
a mace; an orc corpse
Things that are here:
a dagger; a robe; an orc corpse
Things that are here:
a trident; an orc corpse
Found 18 stones.
Your transformation is almost over.
You warm up again.
The +7 dagger "Gnoll's Death" {drain, Dex+4} unmelds from your body.
Your +0 buckler unmelds from your body.
Your +0 robe unmelds from your body.
You sense an unholy aura.
Found a glaive.
Casting: Sticks to Snakes
Confirm with . or Enter, or press ? or * to list all spells.
You grow a pair of large bovine horns.
Casting: Beastly Appendage
Confirm with . or Enter, or press ? or * to list all spells.
You create a snake!
You now have 58 arrows.
You block the phantom's attack.
Unknown command.
You hit the phantom. Your headbutt misses the phantom.
You bite the phantom, but do no damage.
The phantom is lightly damaged.
You block the phantom's attack.
You closely miss the phantom. You bite the phantom, but do no damage.
The phantom is lightly damaged.
Your ball python bites the phantom but does no damage.
You block the phantom's attack.
You hit the phantom.
The phantom is moderately damaged.
Your ball python bites the phantom but does no damage.
The phantom completely misses you.
You puncture the phantom!
The phantom is heavily damaged.
Your ball python barely misses the phantom.
You hit the phantom. You bite the phantom, but do no damage.
The phantom is heavily damaged.
The phantom hits you.
The phantom blinks!
Your ball python bites the phantom.
The phantom hits your ball python.
Your ball python dies!
The phantom hits you.
You barely miss the phantom. You headbutt the phantom.
You bite the phantom, but do no damage.
The phantom is heavily damaged.
The phantom barely misses you.
You hit the phantom. You bite the phantom, but do no damage.
The phantom is severely damaged.
The phantom hits you but does no damage.
You hit the phantom.
The phantom is severely damaged.
The phantom hits you!
You puncture the phantom!
You destroy the phantom!
Your transformation is almost over.
There is a stone staircase leading down, spattered with blood here.
You climb downwards.
There is a stone staircase leading up here.
Unknown command.
Your horns disappear.
Found a scroll of enchant weapon.
You see here a scroll of enchant weapon.
k - 2 scrolls of enchant weapon (gained 1)
You open the door.
Found a staircase to the Ecumenical Temple.
There is an open door here.
There is a staircase to the Ecumenical Temple here.
You climb downwards.
Welcome to the Ecumenical Temple!
Found a shadowy altar of Dithmenos and an opulent altar of Gozag.
There is a staircase back to the Dungeon here.
Found a sparkling altar of Nemelex Xobeh.
Found a stormy altar of Qazlal.
Found a glowing silver altar of Zin.
Found a radiant altar of Vehumet.
Found an iron altar of Okawaru.
Found an ancient bone altar of Kikubaaqudgha.
Found a burning altar of Makhleb.
There is an ancient bone altar of Kikubaaqudgha here.
Are you sure you want to abandon this character and quit the game? (Confirm with "yes".)

≈≈.....<.....≈≈
§§............≈≈§§≈§§§≈§
.§.............≈≈§§≈≈§§≈§
................≈§≈§§≈≈≈≈
.................§§§≈≈≈≈§
._..........._....≈≈§≈≈≈§§≈§
...................§§§§§§≈≈≈
...................§§§≈§≈§≈§
................@....≈§≈≈§≈§
......._........._....≈≈≈≈§§
.......................≈≈§§§
........................§§≈§
.........................§≈≈
....................._....≈≈
...........................≈
............................
............................


There were no monsters in sight!

Vanquished Creatures
  The ghost of letownia2 the Insei, an amateur MfTm (D:4)
  An orc warrior (D:7)
  A phantom (D:4)
  2 centaurs (D:6)
  The ghost of Exporg the Magician, an amateur DEFE (D:3)
  2 bullfrogs (Sewer)
  2 scorpions
  A howler monkey (D:4)
  2 crimson imps
  A bullfrog zombie (D:7)
  2 orc priests (D:5)
  2 centaur skeletons (D:6)
  3 orc wizards
  2 worker ants
  2 adders
  A shadow imp (D:6)
  12 oozes (Sewer)
  A worm (D:6)
  3 dart slugs
  10 leopard geckos
  16 orcs
  11 giant cockroaches
  2 goblins
  3 kobolds
  3 quokkas
  9 ball pythons (Sewer)
  5 bats
  10 frilled lizards
  A rat (D:1)
112 creatures vanquished.

Vanquished Creatures (collateral kills)
  A bullfrog (D:6)
  An orc (D:6)
  A hobgoblin (D:3)
  A ball python (Sewer)
  A frilled lizard (D:4)
  A kobold (D:3)
  A quokka skeleton (D:4)
  A rat (D:3)
8 creatures vanquished.

Grand Total: 120 creatures vanquished

Notes
Turn   | Place    | Note
-------+----------+-------------------------------------------
     0 | D:1      | tidbits the Gnoll Transmuter began the quest for the Orb.
     0 | D:1      | Reached XP level 1. HP: 17/17 MP: 6/6
   141 | D:3      | Reached XP level 2. HP: 23/23 MP: 5/7
   145 | D:3      | Learned a level 2 spell: Sticks to Snakes
   193 | D:3      | Noticed Exporg's ghost (amateur DEFE)
   207 | D:3      | Killed Exporg's ghost
   207 | D:3      | Reached skill level 1 in Short Blades
   207 | D:3      | Reached skill level 1 in Long Blades
   207 | D:3      | Reached skill level 1 in Axes
   207 | D:3      | Reached skill level 1 in Maces & Flails
   207 | D:3      | Reached skill level 1 in Polearms
   207 | D:3      | Reached skill level 1 in Staves
   207 | D:3      | Reached skill level 1 in Slings
   207 | D:3      | Reached skill level 1 in Bows
   207 | D:3      | Reached skill level 1 in Crossbows
   207 | D:3      | Reached skill level 1 in Throwing
   207 | D:3      | Reached skill level 1 in Armour
   207 | D:3      | Reached skill level 1 in Stealth
   207 | D:3      | Reached skill level 1 in Shields
   207 | D:3      | Reached skill level 5 in Spellcasting
   207 | D:3      | Reached skill level 1 in Invocations
   207 | D:3      | Reached skill level 1 in Evocations
   207 | D:3      | Reached XP level 3. HP: 14/28 MP: 0/9
   207 | D:3      | Reached XP level 4. HP: 17/34 MP: 0/11
   333 | D:3      | Learned a level 3 spell: Spider Form
   335 | D:3      | Reached skill level 1 in Conjurations
   335 | D:3      | Reached skill level 1 in Hexes
   335 | D:3      | Reached skill level 1 in Charms
   335 | D:3      | Reached skill level 1 in Summonings
   335 | D:3      | Reached skill level 1 in Necromancy
   335 | D:3      | Reached skill level 1 in Translocations
   335 | D:3      | Reached skill level 1 in Fire Magic
   335 | D:3      | Reached skill level 1 in Ice Magic
   335 | D:3      | Reached skill level 1 in Air Magic
   335 | D:3      | Reached skill level 1 in Earth Magic
   335 | D:3      | Reached skill level 1 in Poison Magic
   370 | D:4      | Noticed letownia2's ghost (amateur MfTm)
   380 | D:4      | Killed letownia2's ghost
   380 | D:4      | Reached skill level 3 in Fighting
   380 | D:4      | Reached skill level 4 in Transmutations
   380 | D:4      | Reached skill level 2 in Invocations
   380 | D:4      | Reached XP level 5. HP: 41/41 MP: 10/12
   380 | D:4      | Reached XP level 6. HP: 47/47 MP: 11/14
   413 | D:4      | Got a crystal dagger
   422 | D:5      | Entered Level 5 of the Dungeon
   433 | D:5      | Reached skill level 2 in Short Blades
   433 | D:5      | Reached skill level 2 in Long Blades
   433 | D:5      | Reached skill level 2 in Axes
   433 | D:5      | Reached skill level 2 in Maces & Flails
   433 | D:5      | Reached skill level 2 in Polearms
   433 | D:5      | Reached skill level 2 in Staves
   433 | D:5      | Reached skill level 2 in Slings
   433 | D:5      | Reached skill level 2 in Bows
   433 | D:5      | Reached skill level 2 in Crossbows
   433 | D:5      | Reached skill level 2 in Throwing
   433 | D:5      | Reached skill level 2 in Armour
   433 | D:5      | Reached skill level 5 in Dodging
   433 | D:5      | Reached skill level 2 in Stealth
   433 | D:5      | Reached skill level 2 in Shields
   433 | D:5      | Reached skill level 2 in Evocations
   436 | D:4      | Noticed a phantom
   438 | D:4      | Identified the +7 dagger "Gnoll's Death" {drain, Dex+4} (You found it on level 4 of the Dungeon)
   570 | D:4      | Learned a level 4 spell: Ice Form
   653 | D:6      | Found a glowing drain.
   682 | Sewer    | Entered a sewer
   749 | Sewer    | Reached XP level 7. HP: 52/52 MP: 15/15
   886 | Sewer    | Reached skill level 7 in Unarmed Combat
   888 | Sewer    | Reached skill level 2 in Conjurations
   888 | Sewer    | Reached skill level 2 in Hexes
   888 | Sewer    | Reached skill level 2 in Charms
   888 | Sewer    | Reached skill level 2 in Summonings
   888 | Sewer    | Reached skill level 2 in Necromancy
   888 | Sewer    | Reached skill level 2 in Translocations
   888 | Sewer    | Reached skill level 2 in Fire Magic
   888 | Sewer    | Reached skill level 2 in Ice Magic
   888 | Sewer    | Reached skill level 2 in Air Magic
   888 | Sewer    | Reached skill level 2 in Earth Magic
   888 | Sewer    | Reached skill level 2 in Poison Magic
   964 | D:6      | Reached skill level 3 in Invocations
   985 | D:6      | Found a blossoming altar of Fedhas.
  1003 | D:6      | Reached XP level 8. HP: 60/60 MP: 14/16
  1008 | D:6      | Found a white marble altar of Elyvilon.
  1084 | D:8      | Gained mutation: You are weak. (Str -2) [potion of mutation]
  1084 | D:8      | Gained mutation: Your spells are a little easier to cast, but a little less powerful. [potion of mutation]
  1084 | D:8      | Gained mutation: You are frail. (-10% HP) [potion of mutation]
  1084 | D:8      | Gained mutation: You are partially covered in large bone plates. (SH +4) [potion of mutation]
  1205 | D:7      | Reached skill level 4 in Fighting
  1205 | D:7      | Reached skill level 3 in Short Blades
  1205 | D:7      | Reached skill level 3 in Long Blades
  1205 | D:7      | Reached skill level 3 in Axes
  1205 | D:7      | Reached skill level 3 in Maces & Flails
  1205 | D:7      | Reached skill level 3 in Polearms
  1205 | D:7      | Reached skill level 3 in Staves
  1205 | D:7      | Reached skill level 3 in Slings
  1205 | D:7      | Reached skill level 3 in Bows
  1205 | D:7      | Reached skill level 3 in Crossbows
  1205 | D:7      | Reached skill level 3 in Throwing
  1205 | D:7      | Reached skill level 3 in Armour
  1205 | D:7      | Reached skill level 3 in Stealth
  1205 | D:7      | Reached skill level 3 in Shields
  1205 | D:7      | Reached skill level 3 in Evocations
  1374 | D:5      | Reached skill level 6 in Spellcasting
  1466 | D:5      | Found a white marble altar of Elyvilon.
  1683 | D:5      | Found a staircase to the Ecumenical Temple.
  1689 | Temple   | Entered the Ecumenical Temple
  1737 | Temple   | Quit the game

Skill      XL: |  1  2  3  4  5  6  7  8 |
---------------+-------------------------+-----
Short Blades   | 1 2 3 |  3.4
Long Blades    | 1 2 3 |  3.4
Axes           | 1 2 3 |  3.4
Maces & Flails | 1 2 3 |  3.4
Polearms       | 1 2 3 |  3.4
Staves         | 1 2 3 |  3.4
Slings         | 1 2 3 |  3.4
Bows           | 1 2 3 |  3.4
Crossbows      | 1 2 3 |  3.4
Throwing       | 1 2 3 |  3.4
Armour         | 1 2 3 |  3.4
Stealth        | 1 2 3 |  3.4
Shields        | 1 2 3 |  3.4
Spellcasting   | 5 6 |  6.1
Invocations    | 1 2 3 |  3.8
Evocations     | 1 2 3 |  3.4
Conjurations   | 1 2 |  2.8
Hexes          | 1 2 |  2.8
Charms         | 1 2 |  2.8
Summonings     | 1 2 |  2.8
Necromancy     | 1 2 |  2.8
Translocations | 1 2 |  2.8
Fire Magic     | 1 2 |  2.8
Ice Magic      | 1 2 |  2.8
Air Magic      | 1 2 |  2.8
Earth Magic    | 1 2 |  2.8
Poison Magic   | 1 2 |  2.8
Fighting       | 3 4 |  4.3
Transmutations | 4 |  4.8
Dodging        | 5 |  5.8
Unarmed Combat | 7 |  7.4

Action                   |  1- 3 |  4- 6 |  7- 9 || total
-------------------------+-------+-------+-------++-------
Melee: Unarmed           |    26 |    63 |   122 ||   211
       Kick              |     2 |     3 |     6 ||    11
       Bite              |       |     4 |    10 ||    14
       Headbutt          |       |     1 |     2 ||     3
       Dagger            |       |     6 |    44 ||    50
Throw: Stone             |       |     1 |       ||     1
 Cast: Beastly Appendage |     6 |     4 |     4 ||    14
       Sticks to Snakes  |     4 |     5 |     7 ||    16
       Spider Form       |       |     6 |       ||     6
       Ice Form          |       |     2 |     7 ||     9
 Abil: End Transformatio |       |     1 |       ||     1
  Use: Potion            |     1 |     1 |     1 ||     3
       Scroll            |       |     3 |     4 ||     7
 Stab: Distracted        |     2 |       |     2 ||     4
       Sleeping          |       |     5 |     4 ||     9
  Eat: Chunk             |       |     1 |     4 ||     5
Armor: Robe              |     3 |     2 |     2 ||     7
       Skin              |       |     1 |    25 ||    26
Dodge: Dodged            |    22 |    46 |    71 ||   139
Block: Buckler           |       |       |    12 ||    12

Table legend:
 A = Turns spent in this place as a percentage of turns spent in the entire game.
 B = Non-inter-level travel turns spent in this place as a percentage of non-inter-level travel turns spent in the entire game.
 C = Inter-level travel turns spent in this place as a percentage of turns spent in this place.
 D = Turns resting spent in this place as a percentage of non-inter-level travel turns spent in this place.
 E = Turns spent auto-exploring this place as a percentage of non-inter-level travel turns spent in this place.
 F = Non-inter-level travel turns spent in this place divided by the number of levels of this place that you've seen.
                   A       B       C       D       E      F
               +-------+-------+-------+-------+-------+----------------------
         Total | 100.0 | 100.0 |   0.0 |   0.0 |   0.0 | 173.7
       Dungeon |  83.1 |  83.1 |   0.0 |   0.0 |   0.0 | 180.4
        Temple |   2.8 |   2.8 |   0.0 |   0.0 |   0.0 |  48.0
         Sewer |  14.2 |  14.2 |   0.0 |   0.0 |   0.0 | 246.0
               +-------+-------+-------+-------+-------+----------------------

Table legend:
 A = Kills in this place as a percentage of kills in entire the game.
 B = Kills by you in this place as a percentage of kills by you in the entire game.
 C = Kills by friends in this place as a percentage of kills by friends in the entire game.
 D = Other kills in this place as a percentage of other kills in the entire game.
 E = Experience gained in this place as a percentage of experience gained in the entire game.
 F = Experience gained in this place divided by the number of levels of this place that you have seen.
                   A       B       C       D       E      F
               +-------+-------+-------+-------+-------+----------------------
         Total | 100.0 | 100.0 | 100.0 |   N/A | 100.0 | 200.7
       Dungeon |  57.5 |  55.4 |  87.5 |   N/A |  83.7 | 210.0
         Sewer |  42.5 |  44.6 |  12.5 |   N/A |  16.3 | 327.0
               +-------+-------+-------+-------+-------+----------------------

Vault maps used:
D:1:      minmay_arrival_cross, minivault_25
D:2:      lemuel_coloured_pillars_altar, dancing_weapons_uskayaw
D:3:      first_ration, serial_bayou_crossing
D:4:      kennysheep_generic_room_11, uniq_edmund
D:5:      kennysheep_ying_yang, minmay_temple_entry_hall,
          kennysheep_generic_room_3, uniq_eustachio
D:6:      kennysheep_mini_moat, cheibrodos_sewer_entry_drain, elyvilon_altar_3
D:7:      xom_teletrap_fun, nicolae_ru_path_of_blood
D:8:      lemuel_doored_altar, nicolae_ashenzari_panopticon, led_sif_book,
          lair_entry_dummy, serial_shops, shop, uniq_joseph, uniq_erica,
          uniq_maurice
Temple:   compressed_dpeg_triangle_lava_temple
Sewer:    sewer_frog_island_02
